AoeStats
← Planck Walk

Black Forest

508282723Analyzed
4v4 RM · 10d ago on Sep 21, 2026· 17m 6s· 8 players
Game mode
Random Map
Map size
Large (8 player)
Population
200
Speed
Normal
Resources
Standard
Victory
Conquest
Starting age
Dark Age
Ending age
Imperial Age
RankedLock teamsTeams togetherTeam positionsShared explorationLock speedFull tech treeHidden civsTurbo modeCheats
Victory
Defeat
🇨🇦 Saracens · Canada
1356
+17
🇺🇸 Bohemians · United States
1340
+18
1334
+18
🇩🇪 Persians · Germany
1299
+18
🇪🇸 Ethiopians · Spain
1405
-19
🇹🇷 Khmer · Türkiye
1388
-18
🇸🇪 Cumans · Sweden
1366
-18
🇧🇪 Bengalis · Belgium
1336
-16
Guts
3:36 Loom
EMheLP
9:23 Feudal Age
10:03 Double-Bit Axe
10:00 Horse Collar
10:58 Loom
14:29 Wheelbarrow
pauito79_ator
0:55 Loom
KEVAIN_25
4:43 Loom
11:47 Feudal Age
12:42 Double-Bit Axe
14:54 Horse Collar
16:00 Fletching
SCURR.RaMbaZaMba
11:06 Feudal Age
12:13 Loom
15:56 Castle Age
13:42 Horse Collar
13:54 Double-Bit Axe
SCURR.Welt-PAD-THAI-SITTICH
3:27 Loom
14:03 Feudal Age
[FORD]DarkHorse
0:50 Loom
13:50 Feudal Age
Planck Walk
9:37 Loom
12:09 Feudal Age
16:03 Castle Age
14:19 Double-Bit Axe
16:57 Bow Saw
16:30 Fishing Lines
Connection lost

Rejoining the realm…

Still unreachable

The connection could not be restored.

Session expired

The server has moved on; the page needs a fresh start.